 Dungeon Crawl Stone Soup version 0.29.1-14-g9c671dbff4 (webtiles) character file.

Game seed: 7629363108999310891

21 leafyfresh the Magician (level 3, -3/25 HPs)
             Began as a Djinni Ice Elementalist on Feb 18, 2023.
             Slain by a worm (10 damage)
             ... on level 2 of the Dungeon.
             The game lasted 00:01:14 (1367 turns).

leafyfresh the Magician (Djinni Ice Elementalist)   Turns: 1367, Time: 00:01:14

Health: -3/25      AC:  2    Str:  7    XL:     3   Next: 2%
Gold:   82         EV: 12    Int: 18    God:
                   SH:  0    Dex: 13

rFire   + + .      SeeInvis .   f - +1 short sword (antimagic)
rCold   x . .      Faith    .   (no shield)
rNeg    . . .      Spirit   .   a - +0 robe
rPois   ∞          Reflect  .   (no helmet)
rElec   .          Harm     .   (no cloak)
rCorr   .          Rampage  .   (no gloves)
Will    .....                   (boots unavailable)
Stlth   ++........              (no amulet)
HPRegen 0.08/turn               (no ring)
MPRegen 0.00/turn               (no ring)

@: flying
A: sickness immunity, fire resistance 2, cold vulnerability 1, float, innate
caster, HP casting, extra vitality 1
a: no special abilities


You were on level 2 of the Dungeon.
You visited 1 branch of the dungeon, and saw 2 of its levels.

You collected 82 gold pieces.

Inventory:

Hand Weapons
 f - a +1 antimagic short sword (weapon)
Armour
 a - a +0 robe (worn)
Jewellery
 g - a ring of willpower
Scrolls
 c - 2 scrolls of identify {unknown}
 d - a scroll of enchant weapon {unknown}
 h - a scroll of teleportation {unknown}
Potions
 b - 2 potions of curing {unknown}
 e - a potion of invisibility {unknown}
 i - a potion of haste {unknown}


   Skills:
 + Level 3.0 Dodging
 - Level 1.6 Stealth
 + Level 3.5 Spellcasting


You couldn't memorise any spells.
You knew the following spells:

 Your Spells              Type           Power      Damage    Failure   Level
a - Freeze                Ice            64%        1d8       3%          1
b - Frozen Ramparts       Ice            32%        1d5       11%         3
c - Ozocubu's Armour      Ice            16%        N/A       11%         3
d - Hailstorm             Conj/Ice       16%        3d6       34%         4
e - Beastly Appendage     Tmut           32%        N/A       3%          1
Your spell library was empty.

Dungeon Overview and Level Annotations

Branches:
Dungeon (2/15)

Altars:


Innate Abilities, Weirdness & Mutations

You are immune to sickness and miasma.
You are immune to poison.
Your flesh is very heat resistant. (rF++)
You are vulnerable to cold. (rC-)
You float through the air rather than walking.
You learn spells naturally, not from books.
Your magical power is your life essence.
You have superior vitality. (+4 MHP)


Message History

A worm comes into view.
There are monsters nearby!
You hit the dart slug but do no damage. The dart slug launches a dart at you.
The slug dart hits you.
A dart slug is nearby!
You hit the dart slug.
The dart slug is moderately wounded.
A dart slug is nearby!
Casting: Freeze (safe; 4% risk of failure)
Confirm with . or Enter, or press ? or * to list all spells.
Aiming: Freeze (safe; 4% risk of failure)
Press: ? - help, Shift-Dir - straight line, f - dart slug
Aim: a dart slug (moderately wounded)
You freeze the dart slug!
You kill the dart slug!
Your Dodging skill increases to level 3!
You have reached level 3!
Your experience leads to an increase in your attributes!
Increase (S)trength, (I)ntelligence, or (D)exterity?
You feel clever. x2
The power to cast Beastly Appendage wells up from within.
Spell assigned to 'e'.
No target in view!
A quokka comes into view.
A quokka is nearby!
A bat comes into view.
The bat moves out of view.
There are monsters nearby!
You barely miss the worm. The worm bites you!
Casting: Freeze (safe; 3% risk of failure)
Confirm with . or Enter, or press ? or * to list all spells.
Aiming: Freeze (safe; 3% risk of failure)
Press: ? - help, Shift-Dir - straight line, f - worm
Aim: a worm You freeze the worm.
The worm is lightly wounded.
* * * LOW HITPOINT WARNING * * *
The quokka barely misses you. The worm bites you!
You die...

#... #.##.....#. ...
####..####.!..#.....
...
................#..#
...
#..).†..!......##
... #...#######.####
#.###†...# #.#
#.....##.# #.#
##.##..#.# .# #.#
....!.w@.# .# #.#
......#r.# .. #.#
..... #..# .. #.#
.... #..# ... ...
##.# .. #.# . #.# ..


You could see a worm and a quokka.

Vanquished Creatures
  2 dart slugs
  A bat (D:2)
  2 endoplasms
  A giant cockroach (D:1)
  3 goblins
  A hobgoblin (D:2)
  A quokka (D:2)
  A ball python (D:1)
  3 frilled lizards (D:1)
  A kobold (D:2)
16 creatures vanquished.

Notes
Turn   | Place    | Note
-------+----------+-------------------------------------------
     0 | D:1      | leafyfresh the Djinni Ice Elementalist began the quest for
                  | the Orb.
     0 | D:1      | leafyfresh set off with the following spells memorised:
                  | Freeze, Frozen Ramparts, Ozocubu's Armour, Hailstorm.
     0 | D:1      | Reached XP level 1. HP: 15/15 MP: 0/0
   254 | D:1      | Reached XP level 2. HP: 12/21 MP: 0/0
  1362 | D:2      | Reached XP level 3. HP: 15/25 MP: 0/0
  1362 | D:2      | Learned a level 1 spell: Beastly Appendage
  1367 | D:2      | Slain by a worm

Illustrated notes

Levels and vault maps discovered:
D:1:      psy_arrival_radial02, layout_basic
D:2:      layout_rooms, shapermc_ecumenical_altar_acropolis, serial_shops,
          shop_fountains, uniq_natasha

Skill      XL: |  1  2 |
---------------+-------+-----
Dodging        | 3 |  3.0
Stealth        | |  1.6
Spellcasting   | |  3.5

Action                   || total
-------------------------++-------
Melee: Unarmed           ||     2
       Short sword       ||    14
       Punch             ||     1
 Cast: Freeze            ||    21
 Stab: Sleeping          ||     2
Armor: Robe              ||     2
Dodge: Dodged            ||    15
